 Dungeon Sprint DCSS version 0.16-b1 (webtiles) character file.

29 Medar the Spear-Bearer (level 3, -3/31 HPs)
             Began as a Merfolk Gladiator on Mar 10, 2015.
             Was a Priest of Cheibriados.
             Slain by a rust devil (10 damage)
             ... in the Dungeon (Sprint VI: "Thunderdome").
             The game lasted 00:04:54 (323 turns).

Medar the Spear-Bearer (Merfolk Gladiator)           Turns: 323, Time: 00:04:54

Health: -3/31      AC: -26   Str: 22    XL:     3   Next: 83%
Magic:  0/3        EV: 17    Int: 14    God:    Cheibriados [***...]
Gold:   250        SH:  0    Dex: 22    Spells: 0 memorised, 2 levels left

rFire  . . .     SeeInvis .     a - +0 trident
rCold  . . .     Clarity  .     b - +0 leather armour
rNeg   . . .     SustAb   .     (no shield)
rPois  .         Gourm    .     c - +0 helmet
rElec  .         Spirit   .     (no cloak)
rCorr  .         Warding  .     (no gloves)
rMut   .         NoTele   +     (no boots)
MR     .....                    (no amulet)
Stlth  ++........               (no ring)
                                (no ring)

@: corroded equipment, very slow, not resistant to hostile enchantments,
unstealthy
A: change form in water, swift swim
a: Bend Time, Temporal Distortion, Renounce Religion


You were in the Dungeon.
You worshipped Cheibriados.
Cheibriados was most pleased with you.
You were not hungry.

You visited 1 branch You collected 250 gold pieces.

Inventory:

Hand weapons
 a - a +0 trident (weapon)
Missiles
 d - 3 throwing nets {=f =F}
Armour
 b - a +0 leather armour (worn)
 c - a +0 helmet (worn)
Magical devices
 m - a wand of cold (0)
 n - a wand of fire (3)
Scrolls
 k - 4 scrolls of blinking
 o - 3 scrolls of fog
Potions
 g - 2 potions of heal wounds
 i - 2 potions of magic
 l - a potion of resistance
Comestibles
 f - a bread ration


   Skills:
 + Level 4.4 Fighting
 * Level 8.4 Polearms
 - Level 2.0 Throwing
 + Level 6.1 Dodging


You had 2 spell levels left.
You didn't know any spells.

Dungeon Overview and Level Annotations

Branches:
Dungeon (1/1)

Altars:
Cheibriados
Dithmenos
Fedhas
Gozag
Kikubaaqudgha
Makhleb
Okawaru
Qazlal
Ru
Sif Muna
Trog
Vehumet
Xom
Yredelemnul
Zin
The Shining One
Jiyva
Lugonu

Shops:
D *[%??*?*:[((!!!!


Message History

Unknown command.
Use which ability? (? or * to list)
Okay, then.
Use which ability? (? or * to list)
The flow of time bends around you.
The rust devil resists with some effort.
You feel slightly more hungry. 15... The rust devil hits you!
* * * LOW HITPOINT WARNING * * *
The rust devil corrodes your equipment!
Use which ability? (? or * to list)
You don't have enough magic at the moment.
Unknown command.
The rust devil misses you.
Things that are here:
a whip; an orc skeleton 10...
The rust devil hits you!
You die...

#_......._# #........_#
#_...†..._# ###.........###
#⌠..((..!....⌠#
######.8.........8.######
##∩___......###......_._∩##
###∩........8.# #.8........∩#
##...........@4###............
#⌠..........###)..###.........
#⌠..........# #E<.# #.........
#⌠.†........###...###.........
##............5###............
###∩........8.# #.8........∩#
##∩_._.....E###......___∩##
######.8.........8.######
#⌠...........⌠#


You could see a rust devil.

Vanquished Creatures
  A hell rat (D)
  A worker ant (D)
  An orc (D)
  A kobold (D)
  5 rats (D)
9 creatures vanquished.

Notes
Turn   | Place    | Note
--------------------------------------------------------------
     0 | D        | Medar, the Merfolk Gladiator, began the quest for the Orb.
     0 | D        | Reached XP level 1. HP: 16/16 MP: 1/1
     3 | D        | Found a sacrificial altar of Ru.
     3 | D        | Found a bloodstained altar of Trog.
     4 | D        | Found a snail-covered altar of Cheibriados.
     5 | D        | Found a deep blue altar of Sif Muna.
     5 | D        | Round 1.
     6 | D        | Found Weodetea's Bottled Wisdom.
     6 | D        | Found Skiubihi's Do-It-Yourself Clinic.
     6 | D        | Found a stormy altar of Qazlal.
     6 | D        | Found Oroicly's Weapon Rack.
     8 | D        | Found a glowing golden altar of the Shining One.
     9 | D        | Found Thruss Pudi's Distillery.
     9 | D        | Found Kuirudgh's Distillery.
    12 | D        | Became a worshipper of Cheibriados the Contemplative
    25 | D        | Found a burning altar of Makhleb.
    27 | D        | Found a shadowy altar of Dithmenos.
    28 | D        | Found a corrupted altar of Lugonu.
    28 | D        | Found Shreneih's Staff Store.
    29 | D        | Found Lipof's Must-Have Magic.
    30 | D        | Found a radiant altar of Vehumet.
    30 | D        | Found a basalt altar of Yredelemnul.
    31 | D        | Noticed a worker ant
    31 | D        | Found Mishai's Magic Scroll Shop.
    31 | D        | Found Jyetry's Magic Scroll Shop.
    40 | D        | Killed a worker ant
    40 | D        | Reached skill level 7 in Polearms
    40 | D        | Reached skill level 5 in Dodging
    40 | D        | Reached XP level 2. HP: 13/24 MP: 2/2
    61 | D        | Found a shimmering altar of Xom.
    63 | D        | Found a glowing silver altar of Zin.
    63 | D        | Found a viscous altar of Jiyva.
    68 | D        | Reached XP level 3. HP: 18/30 MP: 3/3
    71 | D        | Acquired Cheibriados' first power
    74 | D        | Found an iron altar of Okawaru.
    75 | D        | Found a blossoming altar of Fedhas.
    76 | D        | Found an opulent altar of Gozag.
    76 | D        | Found an ancient bone altar of Kikubaaqudgha.
    77 | D        | Found Zochyd's Premium Goods.
    77 | D        | Found Croisaid's Miscellaneous Merchandise.
    78 | D        | Found Tefolofi's Basic Armour.
   103 | D        | Found Zyesch's Identification Station.
   104 | D        | Found Pniqein's Advanced Armour.
   107 | D        | Found Plaepp's Jewellery.
   109 | D        | Found Daapraete's Bee Food.
   144 | D        | Arena points: 5 (+5) [x1]
   155 | D        | Round 2.
   191 | D        | Reached skill level 8 in Polearms
   242 | D        | Acquired Cheibriados' second power
   256 | D        | Arena points: 29 (+24) [x2]
   275 | D        | Round 3.
   280 | D        | Noticed an earth elemental
   281 | D        | Noticed an earth elemental
   285 | D        | Noticed a rust devil
   323 | D        | Slain by a rust devil

Action                   || total
-------------------------++-------
Melee: Trident           ||    49
Invok: Bend Time         ||     1
Evoke: Wand              ||     7
  Use: Potion            ||     3
